 Dungeon Crawl Stone Soup version 0.30-a0-170-g85af917532 (webtiles) character file.

Game seed: 5566850135275299241

3110 qw the Cleaver (level 9, -5/57 HPs)
             Began as a Gargoyle Fighter on Sept 30, 2022.
             Was a Follower of Okawaru.
             Killed from afar by an acid dragon (33 damage)
             ... with a splash of acid
             ... on level 8 of the Dungeon.
             The game lasted 00:03:06 (8740 turns).

qw the Cleaver (Gargoyle Fighter)                   Turns: 8740, Time: 00:03:07

Health: -5/57      AC: 22    Str: 30    XL:     9   Next: 91%
Magic:  10/12      EV:  9    Int:  9    God:    Okawaru [*.....]
Gold:   367        SH:  5    Dex:  9    Spells: 8/8 levels left

rFire   . . .      SeeInvis .    Y - +0 war axe
rCold   . . .      Faith    .    c - +0 buckler
rNeg    + . .      Spirit   .    s - +0 plate armour
rPois   inf        Reflect  .    m - +2 hat
rElec   +          Harm     .    (no cloak)
rCorr   .          Rampage  .    a - +0 pair of gloves
Will    +....                    l - +0 pair of boots
Stlth   ..........               (no amulet)
HPRegen 0.19/turn                i - ring of willpower
MPRegen 0.13/turn                b - +6 ring of strength

@: heroic, corroded
A: sickness immunity, AC +6, negative energy resistance 1, electricity
resistance, torment resistance 1, petrification resistance
a: Renounce Religion, Heroism


You were on level 8 of the Dungeon.
You worshipped Okawaru.
Okawaru was aware of your devotion.
You visited 2 branches of the dungeon, and saw 9 of its levels.

You collected 367 gold pieces.


Innate Abilities, Weirdness & Mutations

You are immune to sickness and miasma.
Your stone body is resilient. (AC +6)
You are immune to poison.
You resist negative energy. (rN+)
You are resistant to electric shocks. (rElec)
You are resistant to unholy torment.
You are immune to petrification.


   Skills:
 - Level 7.0(12.0) Fighting
 + Level 9.4(14.4) Axes
 - Level 1.5(6.5) Throwing
 - Level 6.0(11.0) Armour
 - Level 1.4(6.4) Dodging
 - Level 4.0(9.0) Shields
 - Level 4.0 Invocations


You had 8 spell levels left.
You didn't know any spells.
Your spell library was empty.

Inventory:

Hand Weapons
 g - a +0 flail
 Y - a +0 war axe (weapon)
Missiles
 o - 11 boomerangs (quivered)
Armour
 a - a +0 pair of gloves (worn)
 c - a +0 buckler (worn)
 l - a +0 pair of boots (worn)
 m - a +2 hat (worn)
 s - a +0 plate armour (worn)
 v - a +1 pair of gloves
Jewellery
 b - a +6 ring of strength (right hand)
 i - a ring of willpower (left hand)
 u - a ring of fire
 w - a ring of protection from fire
Wands
 k - a wand of digging (9)
Scrolls
 n - a scroll of identify
 p - a scroll of teleportation
Potions
 d - 2 potions of might
 e - a potion of attraction
 f - 2 potions of curing
 h - 5 potions of heal wounds
 j - a potion of haste
 q - a potion of resistance
 r - a potion of cancellation
 t - a potion of lignification

Dungeon Overview and Level Annotations

Branches:
Dungeon (8/15)             Temple (1/1) D:6
   Lair: D:8-11

Altars:
Ashenzari
Cheibriados
Dithmenos
Elyvilon
Fedhas
Gozag
Hepliaklqana
Kikubaaqudgha
Makhleb
Nemelex Xobeh
Okawaru
Qazlal
Ru
Sif Muna
Trog
Uskayaw
Vehumet
Wu Jian
Xom
Yredelemnul
Zin
The Shining One

Shops:
D:6 *

Annotations:
D:3 1 runed translucent door


Message History

You hit the steam dragon.
You kill the steam dragon!
Okawaru accepts your kill.
You are engulfed in a cloud of scalding steam.
8604 ||| Stepping ~*~*~tactically~*~*~ (cloud).
You start resting.
You're standing in a cloud of steam!
8606 ||| Stepping ~*~*~tactically~*~*~ (cloud).
You start resting.
Magic restored.
You start resting.
You feel like a meek peon again.
HP restored.
k - a wand of digging (9) (gained 4 charges)
h - 5 potions of heal wounds (gained 1)
An acid dragon comes into view.
Found a stone staircase leading down.
The acid dragon roars!
Enter note:
Enter note:
Enter note: The acid dragon spits acid at you.
The splash of acid hits you! The acid corrodes you!
You hear a shout!
You closely miss the acid dragon. The acid dragon bites you.
The acid dragon claws you. The acid dragon bites you!
The acid dragon closely misses you.
8737 ||| INVOKING Heroism.
You gain the combat prowess of a mighty hero.
The acid dragon barely misses you. You block the acid dragon's attack.
You hit the acid dragon but do no damage.
You closely miss the acid dragon.
The acid dragon bites you but does no damage.
The acid dragon closely misses you.
You slash the acid dragon!
The acid dragon is moderately wounded.
The acid dragon spits acid at you. The splash of acid hits you!!
Ouch! That really hurt!
You die...

#.#.#######.. #
#.#.# ...#.#
#..... ###.##.#
.....#.#######.
...............
#............
#.@D..>...
#.######.# #.#
#.# #.# #.#
#.## #..# ##.#


You could see an acid dragon (catching breath).

Vanquished Creatures
  A wyvern (D:7)
  A steam dragon (D:8)
  A black bear (D:6)
  2 centaurs (D:8)
  2 phantoms
  8 kobold brigands (D:5)
  A gnoll sergeant (D:8)
  A bullfrog (D:8)
  A necrophage (D:5)
  6 scorpions
  5 wights (D:8)
  4 killer bees (D:8)
  4 howler monkeys
  2 hounds (D:5)
  3 jellies
  3 orc priests
  4 iguanas
  9 orc wizards
  6 adders
  4 gnolls (D:8)
  2 white imps
  2 ufetubi
  28 orcs
  6 endoplasms
  2 giant cockroaches
  7 goblins
  2 hobgoblins (D:1)
  7 jackals
  4 quokkas
  4 ball pythons (D:2)
  8 bats
  10 frilled lizards
  2 goblin zombies (D:3)
  12 kobolds
  9 rats
173 creatures vanquished.

Vanquished Creatures (others)
  6 fungi (D:5)
  10 plants
16 creatures vanquished.

Grand Total: 189 creatures vanquished

Notes
Turn   | Place    | Note
-------+----------+-------------------------------------------
     0 | D:1      | qw the Gargoyle Fighter began the quest for the Orb.
     0 | D:1      | Reached XP level 1. HP: 14/14 MP: 1/1
     0 | D:1      | 0 ||| qw: Version: 0.2-a-13-gfc7b4b4
     0 | D:1      | 0 ||| qw: Game counter: 1680
     0 | D:1      | 0 ||| qw: Always use a shield: true
     0 | D:1      | 0 ||| qw: God list: Okawaru
     0 | D:1      | 0 ||| qw: Allow faded altars: false
     0 | D:1      | 0 ||| qw: Do Orc after D:15 true
     0 | D:1      | 0 ||| qw: Do second Lair branch before Depths: true
     0 | D:1      | 0 ||| qw: Lair rune preference: random
     0 | D:1      | 0 ||| qw: Plans: Normal, Zot:1-4, God:TSO, Crypt, Tomb,
                  | Pan, Slime:5, Hells, Abyss, Orb
     0 | D:1      | 0 ||| PLANNING D:1-11
   146 | D:1      | Reached skill level 2 in Axes
   149 | D:1      | Reached XP level 2. HP: 18/19 MP: 2/2
   202 | D:1      | 202 ||| Stepping ~*~*~tactically~*~*~ (stealth).
   203 | D:1      | 203 ||| Stepping ~*~*~tactically~*~*~ (stealth).
   916 | D:1      | 916 ||| READING scroll labelled HIJYOM KISTRIQEUDGHA.
   919 | D:1      | 919 ||| READING scroll labelled FUHAUKOGAS.
   920 | D:1      | 920 ||| READING scroll labelled ARAUPU AXAUSUD.
   969 | D:2      | Reached skill level 3 in Axes
  1009 | D:2      | 1009 ||| Stepping ~*~*~tactically~*~*~ (stealth).
  1011 | D:2      | 1011 ||| Stepping ~*~*~tactically~*~*~ (stealth).
  1016 | D:2      | 1016 ||| Stepping ~*~*~tactically~*~*~ (hiding).
  1108 | D:2      | Reached XP level 3. HP: 23/23 MP: 3/3
  1138 | D:2      | Found a glowing silver altar of Zin.
  1144 | D:2      | 1144 ||| Stepping ~*~*~tactically~*~*~ (stealth).
  1146 | D:2      | 1146 ||| Stepping ~*~*~tactically~*~*~ (stealth).
  1556 | D:2      | 1556 ||| DROPPING +0 club.
  1774 | D:2      | 1774 ||| UPGRADING to +0 pair of gloves.
  1779 | D:2      | 1779 ||| READING scroll labelled GASUMI IJUE.
  1780 | D:2      | 1780 ||| READING scroll labelled QERIMI FYKLEL.
  2170 | D:3      | Reached XP level 4. HP: 24/28 MP: 4/4
  2519 | D:3      | Found a burning altar of Makhleb.
  2592 | D:3      | Reached skill level 4 in Axes
  2659 | D:3      | 2659 ||| Stepping ~*~*~tactically~*~*~ (hiding).
  2862 | D:3      | Found a runed translucent door.
  2862 | D:3      | Noticed a human
  2866 | D:3      | Reached XP level 5. HP: 32/32 MP: 5/5
  2867 | D:3      | Found a basalt altar of Yredelemnul.
  2888 | D:3      | 2888 ||| Stepping ~*~*~tactically~*~*~ (stealth).
  2904 | D:3      | Found a radiant altar of Vehumet.
  2911 | D:3      | 2911 ||| Stepping ~*~*~tactically~*~*~ (stealth).
  2962 | D:3      | 2962 ||| UPGRADING to +0 chain mail.
  2972 | D:3      | 2972 ||| DROPPING +0 scale mail.
  2973 | D:3      | 2973 ||| UPGRADING to ring of willpower.
  2974 | D:3      | 2974 ||| READING 3 scrolls of identify.
  2974 | D:3      | 2974 ||| IDENTIFYING blue potion
  2975 | D:3      | 2975 ||| READING 2 scrolls of identify.
  2975 | D:3      | 2975 ||| IDENTIFYING bubbling grey potion
  3035 | D:4      | 3035 ||| Stepping ~*~*~tactically~*~*~ (stealth).
  3043 | D:4      | Reached skill level 5 in Axes
  3050 | D:4      | Reached XP level 6. HP: 29/38 MP: 6/6
  3161 | D:4      | 3161 ||| Stepping ~*~*~tactically~*~*~ (stealth).
  3264 | D:4      | Reached skill level 6 in Axes
  3342 | D:4      | 3342 ||| Stepping ~*~*~tactically~*~*~ (stealth).
  3537 | D:4      | Reached skill level 1 in Dodging
  3537 | D:4      | Reached XP level 7. HP: 36/43 MP: 7/7
  3701 | D:4      | 3701 ||| Stepping ~*~*~tactically~*~*~ (stealth).
  3803 | D:4      | 3803 ||| UPGRADING to +6 ring of strength.
  3804 | D:4      | 3804 ||| READING scroll labelled HEELASMERGHI.
  3805 | D:4      | 3805 ||| READING 2 scrolls of identify.
  3805 | D:4      | 3805 ||| IDENTIFYING bubbling dark potion
  3806 | D:4      | 3806 ||| DROPPING potion of brilliance.
  3834 | D:5      | Entered Level 5 of the Dungeon
  3835 | D:5      | 3835 ||| STAIRDANCE
  3858 | D:5      | 3858 ||| STAIRDANCE
  3898 | D:4      | 3898 ||| DROPPING +0 whip.
  4325 | D:5      | Reached skill level 7 in Axes
  4348 | D:5      | 4348 ||| Stepping ~*~*~tactically~*~*~ (stealth).
  4623 | D:5      | Found the +7 Throatcutter {drain, coup de grace}
  4631 | D:5      | Reached XP level 8. HP: 46/50 MP: 8/8
  4641 | D:5      | Reached skill level 1 in Throwing
  4671 | D:5      | 4671 ||| FLEEEEING.
  4672 | D:5      | 4672 ||| FLEEEEING.
  4673 | D:5      | 4673 ||| FLEEEEING.
  4674 | D:5      | 4674 ||| FLEEEEING.
  4675 | D:5      | 4675 ||| FLEEEEING.
  4676 | D:5      | 4676 ||| FLEEEEING.
  4677 | D:5      | 4677 ||| FLEEEEING.
  4678 | D:5      | 4678 ||| FLEEEEING.
  4679 | D:5      | 4679 ||| FLEEEEING.
  4683 | D:5      | 4683 ||| FLEEEEING.
  4684 | D:5      | 4684 ||| FLEEEEING.
  4685 | D:5      | 4685 ||| FLEEEEING.
  4686 | D:5      | 4686 ||| FLEEEEING.
  4687 | D:5      | 4687 ||| FLEEEEING.
  4688 | D:5      | 4688 ||| FLEEEEING.
  4689 | D:5      | 4689 ||| FLEEEEING.
  4690 | D:5      | 4690 ||| FLEEEEING.
  4691 | D:5      | 4691 ||| FLEEEEING.
  4705 | D:5      | 4705 ||| FLEEEEING.
  4706 | D:5      | 4706 ||| FLEEEEING.
  4708 | D:5      | 4708 ||| FLEEEEING.
  4710 | D:5      | 4710 ||| FLEEEEING.
  4711 | D:5      | 4711 ||| FLEEEEING.
  4712 | D:5      | 4712 ||| FLEEEEING.
  4713 | D:5      | 4713 ||| FLEEEEING.
  4714 | D:5      | 4714 ||| FLEEEEING.
  4718 | D:5      | 4718 ||| FLEEEEING.
  4719 | D:5      | 4719 ||| FLEEEEING.
  4720 | D:5      | 4720 ||| FLEEEEING.
  4724 | D:5      | 4724 ||| FLEEEEING.
  4725 | D:5      | 4725 ||| FLEEEEING.
  4726 | D:5      | 4726 ||| FLEEEEING.
  4727 | D:5      | 4727 ||| FLEEEEING.
  4732 | D:5      | 4732 ||| FLEEEEING.
  4738 | D:5      | 4738 ||| FLEEEEING.
  4739 | D:5      | 4739 ||| FLEEEEING.
  4742 | D:5      | 4742 ||| STAIRDANCE
  4848 | D:4      | 4848 ||| UPGRADING to +0 pair of boots.
  4853 | D:4      | 4853 ||| UPGRADING to +0 plate armour.
  4863 | D:4      | 4863 ||| DROPPING +0 chain mail.
  4864 | D:4      | 4864 ||| READING 2 scrolls of identify.
  4864 | D:4      | 4864 ||| IDENTIFYING black potion
  4883 | D:5      | 4883 ||| STAIRDANCE
  5072 | D:5      | Reached skill level 8 in Axes
  5753 | D:6      | Reached skill level 6 in Fighting
  5789 | D:6      | Found Astreurig's Overcharged Wands.
  6007 | D:6      | 6007 ||| FLEEEEING.
  6014 | D:6      | 6014 ||| FLEEEEING.
  6015 | D:6      | 6015 ||| FLEEEEING.
  6016 | D:6      | 6016 ||| FLEEEEING.
  6017 | D:6      | 6017 ||| FLEEEEING.
  6018 | D:6      | 6018 ||| FLEEEEING.
  6019 | D:6      | 6019 ||| FLEEEEING.
  6239 | D:6      | Found a staircase to the Ecumenical Temple.
  6240 | D:6      | 6240 ||| PLANNING TEMPLE
  6240 | D:6      | 6240 ||| DROPPING ring of flight.
  6241 | D:6      | 6241 ||| DRINKING 2 glowing cyan potions.
  6242 | D:6      | 6242 ||| READING 2 scrolls of identify.
  6242 | D:6      | 6242 ||| IDENTIFYING green potion
  6243 | D:6      | 6243 ||| DROPPING potion of flight.
  6248 | Temple   | Entered the Ecumenical Temple
  6368 | Temple   | 6368 ||| PLANNING OKAWARU WORSHIP
  6462 | Temple   | Became a worshipper of Warmaster Okawaru
  6463 | Temple   | 6463 ||| PLANNING D:1-11
  6515 | D:6      | 6515 ||| Stepping ~*~*~tactically~*~*~ (stealth).
  6825 | D:6      | 6825 ||| DRINKING 2 brown potions.
  6826 | D:6      | 6826 ||| DROPPING potion of invisibility.
  6866 | D:7      | 6866 ||| Stepping ~*~*~tactically~*~*~ (stealth).
  6870 | D:7      | Reached XP level 9. HP: 55/55 MP: 9/9
  7157 | D:7      | 7157 ||| Stepping ~*~*~tactically~*~*~ (hiding).
  7158 | D:7      | 7158 ||| Stepping ~*~*~tactically~*~*~ (hiding).
  7165 | D:7      | Reached skill level 9 in Axes
  7165 | D:7      | 7165 ||| Stepping ~*~*~tactically~*~*~ (stealth).
  7170 | D:7      | 7170 ||| Stepping ~*~*~tactically~*~*~ (stealth).
  7196 | D:7      | 7196 ||| Stepping ~*~*~tactically~*~*~ (hiding).
  7197 | D:7      | 7197 ||| Stepping ~*~*~tactically~*~*~ (hiding).
  7199 | D:7      | 7199 ||| Stepping ~*~*~tactically~*~*~ (hiding).
  7200 | D:7      | 7200 ||| Stepping ~*~*~tactically~*~*~ (hiding).
  7213 | D:7      | 7213 ||| Stepping ~*~*~tactically~*~*~ (hiding).
  7215 | D:7      | 7215 ||| Stepping ~*~*~tactically~*~*~ (hiding).
  7326 | D:7      | Found a glowing golden altar of the Shining One.
  7327 | D:7      | Found a broken altar of Ashenzari.
  7329 | D:7      | Found a sparkling altar of Nemelex Xobeh.
  7329 | D:7      | Found a shimmering altar of Xom.
  7389 | D:7      | Identified the +0 robe "Kocuxup" {rN+ Will+}
  7389 | D:7      | You fall into a shaft and drop 1 floor!
  7447 | D:8      | Reached * piety under Okawaru
  7516 | D:8      | 7516 ||| Stepping ~*~*~tactically~*~*~ (stealth).
  7518 | D:8      | 7518 ||| Stepping ~*~*~tactically~*~*~ (stealth).
  7520 | D:8      | 7520 ||| Stepping ~*~*~tactically~*~*~ (stealth).
  7526 | D:8      | 7526 ||| Stepping ~*~*~tactically~*~*~ (stealth).
  7537 | D:8      | 7537 ||| INVOKING Heroism.
  7539 | D:8      | Reached skill level 1 in Invocations
  7717 | D:8      | 7717 ||| Stepping ~*~*~tactically~*~*~ (hiding).
  7749 | D:8      | 7749 ||| Stepping ~*~*~tactically~*~*~ (stealth).
  7809 | D:8      | 7809 ||| Stepping ~*~*~tactically~*~*~ (hiding).
  7832 | D:8      | Reached skill level 3 in Invocations
  7917 | D:8      | 7917 ||| UPGRADING to +2 hat.
  7922 | D:8      | 7922 ||| DRINKING 2 murky red potions.
  7923 | D:8      | 7923 ||| READING 3 scrolls of identify.
  7923 | D:8      | 7923 ||| IDENTIFYING pink potion
  7924 | D:8      | 7924 ||| READING 2 scrolls of identify.
  7924 | D:8      | 7924 ||| IDENTIFYING red potion
  8058 | D:7      | Reached skill level 6 in Armour
  8482 | D:8      | Found a bloodstained altar of Trog.
  8596 | D:8      | 8596 ||| INVOKING Heroism.
  8604 | D:8      | 8604 ||| Stepping ~*~*~tactically~*~*~ (cloud).
  8606 | D:8      | 8606 ||| Stepping ~*~*~tactically~*~*~ (cloud).
  8737 | D:8      | 8737 ||| INVOKING Heroism.
  8740 | D:8      | Killed from afar by an acid dragon

Levels and vault maps discovered:
D:1:      giann_bridges, layout_loops_cross, chequers_serial_rivers_micro_e,
          serial_park_tiny_pond
D:2:      layout_loops_ring, basic_altar
D:3:      layout_basic, dk_yredelemnul_ordeal, nicolae_vehumet_radiance,
          lightli_temple_of_fire
D:4:      layout_rooms, minmay_lizard_king
D:5:      layout_loops_corners, serial_aquarium, aquarium_bridge_square
          [aquarium_subvault_balcony, aquarium_subvault_bridge,
          aquarium_subvault_bridge, aquarium_subvault_window],
          aquarium_window_corner, aquarium_window_1, aquarium_window_2,
          aquarium_view_2d, aquarium_balcony_3b, dilly_guarded_unrand_throatcut
D:6:      layout_basic, temple_statues, chequers_serial_rivers_small_3,
          nicolae_shop_overcharged_wands
D:7:      layout_rooms, chequers_temple_overflow_statue_of_worship
D:8:      layout_loops_ring, trog_book, uniq_maurice
Temple:   dpeg_chambers_temple

Skill      XL: |  1  2  3  4  5  6  7  8  9 |
---------------+----------------------------+-----
Axes           | 2 3 4 5 6 7 8 9 |  9.4
Fighting       | 4 5 6 7 |  7.0
Dodging        | 1 |  1.4
Throwing       | 1 |  1.5
Armour         | 5 6 |  6.0
Shields        | 4 |  4.0
Invocations    | 4 |  4.0

Action                   |  1- 3 |  4- 6 |  7- 9 || total
-------------------------+-------+-------+-------++-------
Melee: War axe           |   159 |   110 |   383 ||   652
Throw: Boomerang         |       |    24 |    50 ||    74
Invok: Heroism           |       |       |     3 ||     3
  Use: Scroll            |     5 |     2 |     6 ||    13
       Potion            |       |       |     3 ||     3
 Stab: Invisible         |       |       |     3 ||     3
Armor: Scale mail        |    89 |    18 |       ||   107
       Chain mail        |       |    53 |    79 ||   132
       Plate armour      |       |       |   162 ||   162
Dodge: Dodged            |    91 |    43 |   129 ||   263
Block: Buckler           |    27 |    23 |    71 ||   121

Table legend:
 A = Non-vault XP
 B = Vault XP
 C = Vault XP percentage of total XP
 D = Non-vault monster count
 E = Vault monster count
 F = Vault count percentage of total count
                 A         B        C        D         E       F
            +---------+---------+-------+---------+---------+-------
      Total |    3722 |     721 |  16.2 |     158 |      15 |   8.7
            +---------+---------+-------+---------+---------+-------
        D:1 |      28 |       0 |   0.0 |      18 |       0 |   0.0
        D:2 |      42 |       0 |   0.0 |      21 |       0 |   0.0
        D:3 |     133 |       2 |   1.5 |      26 |       2 |   7.1
        D:4 |     455 |      44 |   8.8 |      24 |       6 |  20.0
        D:5 |     740 |     675 |  47.7 |      21 |       7 |  25.0
        D:6 |     221 |       0 |   0.0 |       8 |       0 |   0.0
        D:7 |     854 |       0 |   0.0 |      22 |       0 |   0.0
        D:8 |    1249 |       0 |   0.0 |      18 |       0 |   0.0
            +---------+---------+-------+---------+---------+-------
